 Dungeon Crawl Stone Soup version 0.29.1-2-gbd0b4ee654 (webtiles) character file.

Game seed: 5368373569386253436

19877 Omegus91 the Cleaver (level 12, 0/104 HPs)
             Began as a Hill Orc Fighter on Nov 9, 2022.
             Was a High Priest of Okawaru.
             Slain by a two-headed ogre simulacrum (10 damage)
             ... on level 12 of the Dungeon.
             The game lasted 00:39:31 (18312 turns).

Omegus91 the Cleaver (Hill Orc Fighter)            Turns: 18312, Time: 00:39:32

Health: 0/104      AC: 28    Str: 24    XL:     12   Next: 73%
Magic:  25/29      EV:  9    Int: 13    God:    Okawaru [*****.]
Gold:   467        SH: 19    Dex: 10    Spells: 11/11 levels left

rFire   + . .      SeeInvis .   G - +10 demon blade of Triumph {freeze, rPois rF+ Will+}
rCold   . . .      Faith    .   a - +2 tower shield {AC+3}
rNeg    + . .      Spirit   .   E - +6 scale mail "Vocaes" {rN+}
rPois   +          Reflect  .   I - +3 hat of Pondering {ponderous, Will+ MP+10 Int+5}
rElec   .          Harm     .   z - +0 cloak
rCorr   .          Rampage  .   r - +0 pair of gloves
Will    +++..                   (no boots)
Stlth   +.........              m - amulet of the acrobat
HPRegen 0.27/turn               F - +4 ring of protection
MPRegen 0.21/turn               B - ring of willpower

@: heroic, finesse-ful, slow
A: no striking features
a: Renounce Religion, Heroism, Finesse, Duel


You were on level 12 of the Dungeon.
You worshipped Okawaru.
Okawaru was extremely pleased with you.
You visited 2 branches of the dungeon, and saw 14 of its levels.
You visited 1 bazaar.

You collected 639 gold pieces.
You spent 172 gold pieces at shops.

Inventory:

Hand Weapons
 n - the +5 whip "Nisukh" {flame, rPois Dex+3 Stlth+}
   (You found it on level 2 of the Dungeon)

   It burns those it strikes, dealing additional fire damage.
   Dex:       It affects your dexterity (+3).
   rPois:     It protects you from poison.
   Stlth:     It makes you more stealthy.
 G - the +10 demon blade of Triumph (weapon) {freeze, rPois rF+ Will+}
   (Okawaru gifted it to you on level 11 of the Dungeon)

   It freezes those it strikes, dealing additional cold damage.
   It can also slow down cold-blooded creatures.
   rF:        It protects you from fire.
   rPois:     It protects you from poison.
   Will:      It increases your willpower.
Armour
 a - a +2 tower shield of protection (worn)
 r - a +0 pair of gloves (worn)
 y - a +2 kite shield
 z - a +0 cloak (worn)
 E - the +6 scale mail "Vocaes" (worn) {rN+}
   (You found it on level 8 of the Dungeon)

   rN:        It protects you from negative energy.
 I - the +3 hat of Pondering (worn) {ponderous, Will+ MP+10 Int+5}
   (You took it off Gastronok on level 11 of the Dungeon)

   Int:       It affects your intelligence (+5).
   MP:        It affects your magic capacity (+10).
   Will:      It increases your willpower.
Jewellery
 l - a ring of positive energy
 m - an amulet of the acrobat (around neck)
 p - a ring of flight
 B - a ring of willpower (right hand)
 F - a +4 ring of protection (left hand)
Wands
 u - a wand of flame (54)
 C - a wand of digging (5)
Scrolls
 b - 3 scrolls of identify
 h - 6 scrolls of teleportation
 j - 2 scrolls of enchant armour
 o - a scroll of silence
 q - 2 scrolls of enchant weapon
 w - 6 scrolls of magic mapping
 A - a scroll of poison
 H - a scroll of torment {unknown}
Potions
 c - 2 potions of invisibility
 d - 4 potions of might
 e - a potion of berserk rage
 f - 2 potions of mutation
 g - 5 potions of haste
 i - 4 potions of lignification
 k - 4 potions of cancellation
 t - 8 potions of curing
 v - 3 potions of attraction
 x - 3 potions of flight
Miscellaneous
 D - a phial of floods


   Skills:
 - Level 9.1(14.1) Fighting
 * Level 4.0(9.0) Long Blades
 + Level 12.6(20.2) Axes
 - Level 11.7(18.4) Maces & Flails
 - Level 8.5(13.5) Armour
 - Level 8.5(13.5) Shields
 + Level 10.6 Invocations


You had 11 spell levels left.
You didn't know any spells.
Your spell library contained the following spells:

 Spells                   Type           Power      Damage    Failure   Level
 Ozocubu's Armour         Ice            0%         N/A       100%        3
 Stone Arrow              Conj/Erth      0%         3d7       100%        3
 Hailstorm                Conj/Ice       0%         3d3       100%        4
 Ice Form                 Ice/Tmut       0%         N/A       100%        4
 Blade Hands              Tmut           0%         N/A       100%        5
 Metabolic Englaciation   Hex/Ice        0%         N/A       100%        5
 Iron Shot                Conj/Erth      0%         9d1       100%        6
 Lehudib's Crystal Spear  Conj/Erth      0%         10d2      100%        8
 Animate Armour           Summ/Erth      Unusable   N/A       N/A         4
 Simulacrum               Ice/Necr       Unusable   N/A       N/A         6

Dungeon Overview and Level Annotations

Branches:
Dungeon (13/15)            Temple (1/1) D:5            Lair (0/5) D:10
    Orc (0/2) D:10
 Vaults: D:13-14

Altars:
Ashenzari
Cheibriados
Dithmenos
Elyvilon
Fedhas
Gozag
Hepliaklqana
Kikubaaqudgha
Makhleb
Nemelex Xobeh
Okawaru
Qazlal
Ru
Sif Muna
Trog
Uskayaw
Vehumet
Wu Jian
Xom
Yredelemnul
Zin
The Shining One

Shops:
D:10 [

Portals:
Ice
Cave: D:12

Annotations:
D:4 3 runed translucent doors, BuzzyBeetle's ghost, amateur GrFi
D:9 2 runed translucent doors, exclusion: orange crystal statue


Message History

Reactivating autopickup.
You feel a bit more experienced.
Your base Long Blades skill increases to level 4!
You hit the polar bear simulacrum.
The polar bear simulacrum is moderately damaged.
You block the wraith's attack.
You slash the polar bear simulacrum!
The polar bear simulacrum is severely damaged.
You block the polar bear simulacrum's attack. x2
The polar bear simulacrum claws you but does no damage.
The two-headed ogre simulacrum barely misses you.
The two-headed ogre simulacrum hits you.
The two-headed ogre simulacrum freezes you!
You slice the polar bear simulacrum!!
The polar bear simulacrum vaporises!
Okawaru accepts your kill. You block the wraith's attack.
You slash the spriggan simulacrum!
The spriggan simulacrum is almost destroyed.
The spriggan simulacrum hits you. The spriggan simulacrum freezes you!
* * * LOW HITPOINT WARNING * * *
You slash the spriggan simulacrum!
The spriggan simulacrum vaporises!
Okawaru accepts your kill. You block the wraith's attack.
The two-headed ogre simulacrum barely misses you.
The two-headed ogre simulacrum hits you but does no damage.
You slash the spriggan simulacrum!
The spriggan simulacrum is severely damaged.
The wraith closely misses you. The spriggan simulacrum hits you.
* * * LOW HITPOINT WARNING * * *
The spriggan simulacrum freezes you!!
* * * LOW HITPOINT WARNING * * *
You feel much better. You block the wraith's attack.
You slash the two-headed ogre simulacrum!
The two-headed ogre simulacrum is severely damaged.
The two-headed ogre simulacrum hits you!
* * * LOW HITPOINT WARNING * * *
The two-headed ogre simulacrum freezes you!
You die...

,,*****,,***...####....#.$...#,,,
,*****,,,,**....#..........###,*,
** *,,,,,,**##........#.....*****
****,,,,*,,* #.###..###....**
**,,,****.,*##.* #.####....*
,,,,*****..##..###.....#...*
,,,,,,,**........Z........?*
,,,,,,,,**#....WZZZ........*
,,,,*,,,,*#####.@#.....∩..#*
,,,****,,* #####Z......# *,**
**** ##......# *** *#######


You could see a wraith, a spriggan simulacrum, a two-headed ogre simulacrum and
2 troll simulacra.

Vanquished Creatures
  Gastronok (D:11)
  An ogre mage (D:9)
  A centaur warrior (D:9)
  7 two-headed ogres
  3 deep elf pyromancers
  2 ugly things
  A gargoyle (D:11)
  A freezing wraith (D:8)
  3 trolls
  Prince Ribbit (D:7)
  3 hornets
  A slime creature (D:9)
  3 wraiths
  2 vampires
  2 wyverns (D:9)
  16 yaks
  A steam dragon (D:10)
  4 vampire mosquitoes
  3 wargs
  Menkaure (D:7)
  A swamp worm (D:8)
  An acid dragon (D:9)
  2 water moccasins
  A black bear (D:5)
  3 sky beasts
  9 orc warriors
  2 ice beasts
  An ogre (D:10)
  A centaur (D:7)
  A bullfrog (D:8)
  2 gnoll sergeants
  5 scorpions
  7 wights
  20 killer bees
  A lava snake (D:9)
  A gnoll bouda (D:5)
  3 jellies
  5 orc priests
  Crazy Yiuf (D:7)
  A hound (D:6)
  Ijyb (D:5)
  Jessica (D:2)
  15 orc wizards
  A polar bear simulacrum (D:12)
  3 spriggan simulacra (D:12)
  14 gnolls
  9 adders
  An ufetubus (D:7)
  5 worms
  4 dart slugs
  42 orcs
  13 bats
  8 endoplasms
  6 giant cockroaches
  6 goblins
  11 hobgoblins
  4 quokkas
  8 ball pythons
  A frilled lizard (D:1)
  10 kobolds
  7 rats
295 creatures vanquished.

Vanquished Creatures (others)
  4 plants
4 creatures vanquished.

Grand Total: 299 creatures vanquished

Notes
Turn   | Place    | Note
-------+----------+-------------------------------------------
     0 | D:1      | Omegus91 the Hill Orc Fighter began the quest for the Orb.
     0 | D:1      | Reached XP level 1. HP: 19/19 MP: 1/1
    90 | D:1      | Found a faded altar of an unknown god.
   100 | D:1      | Reached skill level 3 in Axes
   100 | D:1      | Reached XP level 2. HP: 23/27 MP: 2/2
   273 | D:1      | Reached XP level 3. HP: 33/33 MP: 3/3
  1134 | D:2      | Found a sparkling altar of Nemelex Xobeh.
  1193 | D:2      | Identified the +5 whip "Nisukh" {flame, rPois Dex+3 Stlth+}
  1219 | D:2      | Reached XP level 4. HP: 29/40 MP: 4/4
  1552 | D:2      | Noticed Jessica
  1560 | D:2      | Killed Jessica
  1561 | D:2      | Reached skill level 1 in Maces & Flails
  1847 | D:2      | Reached XP level 5. HP: 47/47 MP: 5/5
  2298 | D:3      | Found an ancient bone altar of Kikubaaqudgha.
  2541 | D:3      | Identified the +5 dagger of Articulation {venom, Will+
                  | rCorr}
  3451 | D:5      | Entered Level 5 of the Dungeon
  3452 | D:5      | Noticed Ijyb
  3465 | D:5      | Found a staircase to the Ecumenical Temple.
  3472 | D:5      | Killed Ijyb
  3473 | D:5      | Reached XP level 6. HP: 49/55 MP: 6/6
  3480 | Temple   | Entered the Ecumenical Temple
  3600 | D:5      | Noticed a black bear
  3986 | D:4      | Reached skill level 5 in Fighting
  4126 | D:4      | Found a radiant altar of Vehumet.
  4151 | D:4      | Found a hazy altar of Hepliaklqana.
  4322 | D:4      | Found a runed translucent gate.
  4322 | D:4      | Found a runed translucent gate.
  4322 | D:4      | Found a runed translucent gate.
  4323 | D:4      | Noticed BuzzyBeetle's ghost (amateur GrFi)
  4533 | D:5      | Found an iron altar of Okawaru.
  4543 | D:5      | Became a worshipper of Warmaster Okawaru
  4597 | D:5      | Reached XP level 7. HP: 61/61 MP: 7/7
  4891 | D:5      | Reached skill level 5 in Armour
  4891 | D:5      | Reached skill level 5 in Shields
  5065 | D:5      | Reached skill level 5 in Maces & Flails
  5065 | D:5      | Reached skill level 1 in Invocations
  5254 | D:5      | Reached * piety under Okawaru
  5428 | D:5      | Reached XP level 8. HP: 40/68 MP: 8/10
  6280 | D:6      | Reached ** piety under Okawaru
  6945 | D:7      | Reached skill level 5 in Invocations
  7209 | D:6      | Reached XP level 9. HP: 24/74 MP: 13/13
  7526 | D:7      | Noticed Prince Ribbit
  7559 | D:7      | Killed Prince Ribbit
  8173 | D:6      | Found a white marble altar of Elyvilon.
  8289 | D:7      | Reached *** piety under Okawaru
  8313 | D:7      | Noticed a hornet
  8329 | D:7      | Killed a hornet
  8330 | D:7      | Reached skill level 10 in Maces & Flails
  8699 | D:7      | Noticed Menkaure
  8709 | D:7      | Killed Menkaure
  8778 | D:7      | Found a runed translucent door.
  8779 | D:7      | Noticed Crazy Yiuf
  8992 | D:7      | Killed Crazy Yiuf
  9566 | D:8      | Found a shimmering altar of Xom.
  9566 | D:8      | Found a basalt altar of Yredelemnul.
  9935 | D:8      | Identified the +6 scale mail "Vocaes" {rN+}
  9977 | D:8      | Reached **** piety under Okawaru
  9978 | D:8      | Reached XP level 10. HP: 81/81 MP: 16/16
 10111 | D:8      | Found a sacrificial altar of Ru.
 10662 | D:8      | Reached skill level 10 in Invocations
 10662 | D:8      | Reached skill level 4 in Axes
 10900 | D:9      | Reached skill level 5 in Axes
 11332 | D:9      | Noticed a brown ugly thing
 11345 | D:9      | Killed a brown ugly thing
 11350 | D:9      | Reached skill level 6 in Axes
 11363 | D:9      | Reached ***** piety under Okawaru
 11367 | D:9      | Noticed a deep elf pyromancer
 11779 | D:9      | Killed a deep elf pyromancer
 12061 | D:9      | Noticed a deep elf pyromancer
 12068 | D:9      | Killed a deep elf pyromancer
 12069 | D:9      | Reached skill level 7 in Axes
 12069 | D:9      | Reached XP level 11. HP: 66/91 MP: 18/18
 12334 | D:9      | Noticed an orange crystal statue
 12675 | D:9      | Reached skill level 8 in Axes
 12806 | D:9      | Found a runed translucent door.
 12807 | D:9      | Found a runed translucent door.
 12807 | D:9      | Noticed a six-headed hydra
 12890 | D:9      | Identified the +4 glaive of the Fae God {speed, rC+++ rN+
                  | Str-2 Int+3}
 12890 | D:9      | Noticed a centaur warrior
 13685 | D:9      | Killed a centaur warrior
 14034 | D:9      | Found a burning altar of Makhleb.
 14119 | D:9      | Reached skill level 9 in Axes
 14364 | D:10     | Entered Level 10 of the Dungeon
 14377 | D:10     | Found Nystis's Armour Shop.
 14670 | D:10     | Found a staircase to the Orcish Mines.
 14680 | D:10     | Noticed a purple ugly thing
 14696 | D:10     | Killed a purple ugly thing
 14833 | D:10     | Noticed an ogre mage
 14833 | D:10     | Noticed a two-headed ogre
 14833 | D:10     | Noticed a two-headed ogre
 14833 | D:10     | Noticed a two-headed ogre
 14834 | D:10     | Noticed a two-headed ogre
 14861 | D:10     | Noticed a two-headed ogre
 15110 | D:10     | Noticed a two-headed ogre
 15124 | D:9      | Killed a two-headed ogre
 15124 | D:9      | Received a gift from Okawaru
 15133 | D:9      | Killed an ogre mage
 15235 | D:9      | Killed a two-headed ogre
 15236 | D:9      | Reached skill level 10 in Axes
 15426 | D:9      | Killed a two-headed ogre
 15479 | D:9      | Killed a two-headed ogre
 15492 | D:9      | Killed a two-headed ogre
 15493 | D:9      | Reached XP level 12. HP: 50/103 MP: 19/19
 15703 | D:9      | Killed a two-headed ogre
 15704 | D:9      | Reached skill level 11 in Axes
 16910 | D:10     | Found a staircase to the Lair.
 17243 | D:11     | Found a sparkling altar of Nemelex Xobeh.
 17382 | D:11     | Identified the +10 demon blade of Triumph {freeze, rPois
                  | rF+ Will+} (Okawaru gifted it to you on level 11 of the
                  | Dungeon)
 17382 | D:11     | Received a gift from Okawaru
 17404 | D:11     | Reached skill level 12 in Axes
 17556 | D:11     | Noticed Gastronok
 17650 | D:11     | Reached skill level 1 in Long Blades
 17825 | D:11     | Killed Gastronok
 18065 | D:11     | You fall into a shaft and drop 2 floors!
 18066 | D:13     | Noticed a two-headed ogre
 18071 | D:13     | Killed a two-headed ogre
 18208 | D:12     | Found a flickering gateway to a bazaar.
 18213 | Bazaar   | Entered a bazaar
 18213 | Bazaar   | Found Qailuonagh's Armour Boutique.
 18213 | Bazaar   | Found Xeonik Kegoh's Jewellery Shop.
 18213 | Bazaar   | Found Luism's Book Shop.
 18213 | Bazaar   | Found Rydeudim's Distillery.
 18213 | Bazaar   | Found Peatoiq's Magic Scroll Boutique.
 18232 | Bazaar   | Bought a +2 tower shield of protection for 172 gold pieces
 18281 | D:12     | Found a frozen archway.
 18310 | D:12     | HP: 1/104 [spriggan simulacrum (18)]
 18312 | D:12     | Slain by a two-headed ogre simulacrum

Illustrated notes

Levels and vault maps discovered:
D:1:      dpeg_arrival_three_bigger_balls, layout_loops_ring,
          hellmonk_ecumenical_altar_crossroads, minmay_ruptured
D:2:      layout_basic, basic_altar, uniq_jessica
D:3:      minmay_thinvault, layout_basic, mainiacjoe_overflow_alcove_1,
          serial_forest, infiniplex_forest_end_3, infiniplex_forest_lined_3,
          infiniplex_forest_side_room, infiniplex_forest_end_1,
          infiniplex_forest_end_3, infiniplex_forest_end_2,
          infiniplex_forest_zigzag_1, infiniplex_forest_lined_room_2,
          infiniplex_forest_corner_1, infiniplex_forest_clump_curved
D:4:      layout_loops_ring, mainiacjoe_overflow_large_starburst,
          ebering_ghost_rock_garden
D:5:      layout_basic, okawaru_gym_becter, minmay_temple_entry_grid, uniq_ijyb
D:6:      layout_loops_cross, nicolae_overflow_hidden_temple
D:7:      layout_loops_ring, amethyst_killhole, uniq_prince_ribbit1,
          uniq_menkaure, uniq_crazy_yiuf_cottage
D:8:      layout_loops_corners, nicolae_ru_sacrificial_ziggurat,
          gammafunk_temple_overflow_wave, minmay_misc_feat_rows, worms_lemuel
D:9:      minmay_the_grid_four_pointed_star
          [minmay_the_grid_triangle_9x9_windchime,
          minmay_the_grid_triangle_9x9_limited_checkers,
          minmay_the_grid_triangle_9x9_minimal,
          minmay_the_grid_triangle_9x9_tough_junction,
          minmay_the_grid_prize_trominoes], layout_basic, old_standard_altar,
          st_stairs_7, minivault_15, kennysheep_cross_room,
          kennysheep_generic_room_12
D:10:     layout_basic, erik_lair_orcish_takeover, orc_0_dummy, serial_shops,
          nicolae_diamond_shop
D:11:     layout_rooms, nicolae_lava_and_water,
          nemelex_xobeh_ov_fountains_minmay, uniq_gastronok
D:12:     layout_cave_pools, portal_ice_cave_entry_ice_simulacra, serial_shops,
          bzr_in_the_mist
D:13:     layout_basic, grunt_vaults_entry_tiered
Temple:   cyrus_circular_temple

Skill      XL: |  1  2  3  4  5  6  7  8  9 10 11 12 |
---------------+-------------------------------------+-----
Axes           | 3 7 10 12 | 12.6
Fighting       | 4 5 6 8 9 |  9.1
Maces & Flails | 1 2 4 6 8 11 | 11.7
Armour         | 4 5 6 7 8 |  8.5
Shields        | 4 5 6 7 8 |  8.5
Invocations    | 3 5 8 10 | 10.6
Long Blades    | 4 |  4.0

Action                   |  1- 3 |  4- 6 |  7- 9 | 10-12 || total
-------------------------+-------+-------+-------+-------++-------
Melee: War axe           |    98 |       |       |       ||    98
       Whip              |     3 |   163 |   371 |   738 ||  1275
       Demon blade       |       |       |       |    73 ||    73
Invok: Heroism           |       |       |     6 |    10 ||    16
       Finesse           |       |       |       |    10 ||    10
  Use: Scroll            |       |    15 |     7 |     4 ||    26
       Potion            |       |       |     2 |     6 ||     8
Armor: Scale mail        |    45 |    60 |    45 |   195 ||   345
       Plate armour      |       |       |    29 |    82 ||   111
Dodge: Dodged            |    46 |    58 |    83 |   219 ||   406
Block: Buckler           |    11 |       |       |       ||    11
       Kite shield       |    10 |    63 |   194 |   363 ||   630
       Tower shield      |       |       |       |    57 ||    57
